 Dungeon Crawl Stone Soup version 0.21.1-68-g103a7afc0a (webtiles) character file.

1492 SacredBeard the Skirmisher (level 8, -5/64 HPs)
             Began as a Demonspawn Abyssal Knight on Aug 2, 2018.
             Was a Priest of Lugonu.
             Slain by an iguana (7 damage)
             ... on level 7 of the Dungeon on Aug 3, 2018.
             The game lasted 00:46:17 (8370 turns).

SacredBeard the Skirmisher (DsAK)                   Turns: 8370, Time: 00:46:19

Health: -5/64      AC: 10    Str: 14    XL:     8   Next: 51%
Magic:  0/11       EV:  7    Int: 13    God:    Lugonu [***...]
Gold:   366        SH:  0    Dex: 17    Spells: 7/7 levels left

rFire    + + .     SeeInvis .   a - +3 mace
rCold    . . .     Gourm    .   (no shield)
rNeg     . . .     Faith    .   l - +0 scale mail
rPois    .         Spirit   +   (helmet restricted)
rElec    .         Reflect  .   t - +0 cloak
rCorr    .         Harm     .   g - +0 pair of gloves {Dex+3}
MR       .....                  y - +0 pair of boots
Stlth    ..........             (no amulet)
HPRegen  0.20/turn              k - ring of protection from fire
MPRegen  0.12/turn              f - ring of protection from fire

@: lethally poisoned (-5 -> -6), about to teleport, held
A: antennae 1, repulsion field 1, demonic guardian 1, magic shield
a: Depart the Abyss, Bend Space, Banish, Renounce Religion


You were on level 7 of the Dungeon.
You worshipped Lugonu.
Lugonu was most pleased with you.
You were not hungry.

You visited 2 branches of the dungeon, and saw 8 of its levels.
You visited the Abyss 1 time.

You collected 366 gold pieces.

Inventory:

Hand Weapons
 a - a +3 mace (weapon)
Armour
 g - a +0 pair of gloves of dexterity (worn)
 l - a +0 scale mail (worn)
 t - a +0 cloak (worn)
 y - a +0 pair of boots (worn)
 C - a +2 helmet
Jewellery
 f - a ring of protection from fire (right hand)
 k - a ring of protection from fire (left hand)
 z - a +4 ring of strength
Wands
 q - a wand of flame (17)
Scrolls
 d - 7 scrolls of identify
 m - 7 scrolls of remove curse
 o - a scroll of teleportation
 s - a scroll of amnesia
 B - a scroll of magic mapping
Potions
 b - 2 potions of flight
 h - 2 potions of degeneration {unknown}
 j - a potion of heal wounds {unknown}
 n - 2 potions of curing {unknown}
 p - 3 potions of agility {unknown}
 r - 2 potions of resistance {unknown}
 u - a potion of cancellation {unknown}
 v - a potion of lignification {unknown}
 w - a potion of might {unknown}
 x - a potion of berserk rage {unknown}
Comestibles
 c - 8 rations
 A - 3 chunks of flesh


   Skills:
 * Level 6.0 Fighting
 + Level 5.6 Maces & Flails
 + Level 4.8 Armour
 * Level 3.6 Dodging
 - Level 0.3 Stealth
 * Level 4.7 Invocations


You had 7 spell levels left.
You didn't know any spells.

Dungeon Overview and Level Annotations

Branches:
Dungeon (7/15)             Temple (1/1) D:6

Altars:
Ashenzari
Cheibriados
Dithmenos
Elyvilon
Fedhas
Hepliaklqana
Kikubaaqudgha
Makhleb
Nemelex Xobeh
Okawaru
Qazlal
Sif Muna
Trog
Uskayaw
Vehumet
Wu Jian
Xom
Yredelemnul
The Shining One

Shops:
D:7 *(


Innate Abilities, Weirdness & Mutations

You have a pair of small antennae on your head.
You are surrounded by a mild repulsion field. (EV +2)
A weak demonic guardian rushes to your aid.
When hurt, damage is shared between your health and your magic reserves.


Message History

You feel weaker.
The gnoll sergeant hits you with a spear.
* * * LOW HITPOINT WARNING * * *
k - a ring of protection from fire (left hand)
The iguana bites you but does no damage.
As you read the scroll of immolation, it crumbles to dust.
The creatures around you are filled with an inner flame!
The gnoll sergeant hits you with a spear.
* * * LOW HITPOINT WARNING * * *
The crimson imp shouts, "Scamper home, thou pox-marked nose-picking efter!"
Your shadow imp hits the iguana.
The iguana bites you!
* * * LOW HITPOINT WARNING * * *
As you read the scroll of teleportation, it crumbles to dust.
You feel strangely unstable.
You feel sick.
The gnoll sergeant hits you but does no damage.
The crimson imp barely misses you.
Your shadow imp completely misses the iguana.
Your shadow imp hits the iguana but does no damage.
The iguana bites you!
You die...

##..#####..##
##..########..
#...........y
###..#........#
#......∩###....
#.......###....
..#..)55......###
........gl5........
.....####@.#...##..
.........g.##.###
......###### .#
...... .# ..... .#
##


You could see a gnoll sergeant (inner flame), an iguana (inner flame), a gnoll
(inner flame), a crimson imp (inner flame) and 2 friendly shadow imps.

Vanquished Creatures
  A hippogriff (D:7)
  A black bear (D:7)
  2 sky beasts (D:5)
  2 ogres
  A bullfrog (D:6)
  A scorpion (D:6)
  A howler monkey (D:7)
  A bullfrog zombie (D:5)
  4 orc wizards (D:4)
  2 centaur skeletons
  2 hounds
  2 orc priests (D:4)
  Crazy Yiuf (D:6)
  2 iguanas (D:7)
  2 worker ants
  6 gnolls (D:5)
  7 adders
  An adder skeleton (D:5)
  A worm (D:2)
  4 leopard geckos
  16 orcs
  7 bats
  7 giant cockroaches
  9 goblins
  8 hobgoblins
  7 jackals
  12 kobolds
  3 ball pythons
  2 frilled lizards (D:2)
  11 rats
  A spectral orc (D:6)
127 creatures vanquished.

Vanquished Creatures (collateral kills)
  2 ogres
  A bullfrog zombie (D:7)
  An orc priest (D:4)
  An orc wizard (D:4)
  A hound zombie (D:5)
  An adder (D:6)
  An adder skeleton (D:5)
  2 orcs (D:4)
  A jackal (D:6)
  A quokka zombie (D:5)
12 creatures vanquished.

Grand Total: 139 creatures vanquished

Notes
Turn   | Place    | Note
-------+----------+-------------------------------------------
     0 | Abyss:1  | SacredBeard the Demonspawn Abyssal Knight began the quest for the Orb.
     0 | Abyss:1  | Reached XP level 1. HP: 18/18 MP: 2/2
    11 | D:1      | Escaped the Abyss
   102 | D:1      | Gained mutation: You have a pair of small antennae on your head. [demonic ancestry]
   102 | D:1      | Reached XP level 2. HP: 16/24 MP: 3/3
   554 | D:1      | Reached skill level 1 in Dodging
   603 | D:1      | Reached ** piety under Lugonu
   755 | D:2      | Reached XP level 3. HP: 29/29 MP: 5/5
  1354 | D:2      | Reached skill level 4 in Fighting
  1702 | D:2      | Reached XP level 4. HP: 15/37 MP: 6/6
  2785 | D:3      | Found a snail-covered altar of Cheibriados.
  3861 | D:4      | Reached XP level 5. HP: 18/43 MP: 7/7
  5111 | D:4      | Gained mutation: A weak demonic guardian rushes to your aid. [demonic ancestry]
  5111 | D:4      | Reached XP level 6. HP: 41/49 MP: 8/8
  5168 | D:4      | Reached *** piety under Lugonu
  5597 | D:4      | Found an ancient bone altar of Kikubaaqudgha.
  5982 | D:5      | Entered Level 5 of the Dungeon
  6005 | D:5      | Found a shimmering altar of Xom.
  6015 | D:5      | Noticed a sky beast
  6117 | D:5      | Noticed a sky beast
  6134 | D:5      | Killed a sky beast
  6134 | D:5      | Gained mutation: When hurt, damage is shared between your health and your magic reserves. [demonic ancestry]
  6134 | D:5      | Reached XP level 7. HP: 31/55 MP: 9/9
  6169 | D:5      | Reached skill level 5 in Fighting
  6810 | D:5      | Found an ancient bone altar of Kikubaaqudgha.
  6965 | D:5      | Found an iron altar of Okawaru.
  7090 | D:6      | Found a stormy altar of Qazlal.
  7207 | D:6      | Found a white marble altar of Elyvilon.
  7429 | D:6      | Found a basalt altar of Yredelemnul.
  7432 | D:6      | Gained mutation: You are surrounded by a mild repulsion field. (EV +2) [demonic ancestry]
  7432 | D:6      | Reached XP level 8. HP: 63/63 MP: 10/10
  7453 | D:6      | Reached skill level 5 in Maces & Flails
  7486 | D:6      | Found a staircase to the Ecumenical Temple.
  7497 | Temple   | Entered the Ecumenical Temple
  7881 | D:6      | Found a runed door.
  8068 | D:6      | Noticed Crazy Yiuf
  8074 | D:6      | Killed Crazy Yiuf
  8139 | D:7      | Found Caad's Weapon Emporium.
  8139 | D:7      | Noticed a hippogriff
  8154 | D:7      | Killed a hippogriff
  8320 | D:7      | Found Wismi's General Store.
  8349 | D:7      | Reached skill level 6 in Fighting
  8369 | D:7      | HP: 3/64 [iguana (6)]
  8370 | D:7      | Slain by an iguana

Skill      XL: |  1  2  3  4  5  6  7  8 |
---------------+-------------------------+-----
Armour         | 2 3 4 |  4.8
Maces & Flails | 2 3 4 5 |  5.6
Dodging        | 1 2 3 |  3.6
Fighting       | 4 5 6 |  6.0
Invocations    | 3 4 |  4.7
Stealth        | |  0.3

Action                   |  1- 3 |  4- 6 |  7- 9 || total
-------------------------+-------+-------+-------++-------
Melee: Mace              |   127 |   217 |   169 ||   513
  Use: Potion            |     2 |       |       ||     2
       Scroll            |       |    10 |     5 ||    15
  Eat: Chunk             |     2 |     9 |     6 ||    17
       Ration            |       |     2 |       ||     2
Armor: Leather armour    |    45 |    22 |       ||    67
       Scale mail        |       |    48 |    92 ||   140
Dodge: Dodged            |    77 |   136 |   119 ||   332
